 Dungeon Crawl Stone Soup version 0.31.0 (webtiles) character file.

Game seed: 4569246644861231980

50 qw the Shooter (level 3, -1/21 HPs)
             Began as a Gargoyle Hunter on Jan 19, 2024.
             Killed from afar by Sigmund (2 damage)
             ... with a magic dart
             ... on level 2 of the Dungeon.
             The game lasted 00:00:03 (1049 turns).

qw the Shooter (Gargoyle Hunter)                    Turns: 1049, Time: 00:00:03

Health: -1/21      AC:  6    Str: 14    XL:     3   Next: 79%
Magic:  3/3        EV: 11    Int:  9    God:
Gold:   106        SH:  0    Dex: 15    Spells: 2/2 levels left

rFire   . . .        a - +0 shortbow
rCold   . . .        (shield currently unavailable)
rNeg    + . .        c - +0 leather armour
rPois   inf          (no helmet)
rElec   +            (no cloak)
rCorr   .            (no gloves)
SInv    .            (no boots)
Will    +....        (no amulet)
Stlth   ++           (no ring)
HPRegen 0.23/turn    (no ring)
MPRegen 0.08/turn

%: no passive effects
@: enlightened, flying
A: sickness immunity, AC +3, negative energy resistance 1, electricity
resistance, torment resistance 1, petrification resistance
a: no special abilities


You were on level 2 of the Dungeon.
You visited 1 branch of the dungeon, and saw 2 of its levels.

You collected 106 gold pieces.


Innate Abilities, Weirdness & Mutations

You are immune to sickness and miasma.
Your stone body is resilient. (AC +3)
You are immune to poison.
You resist negative energy. (rN+)
You are resistant to electric shocks. (rElec)
You are resistant to unholy torment.
You are immune to petrification.


   Skills:
 + Level 2.1 Fighting
 - Level 5.3 Ranged Weapons
 - Level 1.5 Dodging
 - Level 1.1 Stealth


You had 2 spell levels left.
You didn't know any spells.
Your spell library was empty.

Inventory:

Hand Weapons
 a - a +0 shortbow (weapon)
Armour
 c - a +0 leather armour (worn)
 d - a +0 ring mail
Potions
 e - a potion of curing {unknown}

Dungeon Overview and Level Annotations

Branches:
Dungeon (2/15)

Altars:

Annotations:
D:2 Sigmund


Message History

You shoot an arrow. The arrow hits Sigmund.
Sigmund is moderately wounded.
You shoot an arrow. The arrow barely misses Sigmund.
Sigmund casts a spell at you.
The magic dart hits you but does no damage.
You shoot an arrow. The arrow closely misses Sigmund.
Sigmund completely misses you.
You shoot an arrow. The arrow completely misses Sigmund.
Sigmund completely misses you.
You shoot an arrow. The arrow hits Sigmund!
Sigmund is heavily wounded.
Sigmund casts a spell at you. The puff of flame hits you!
You shoot an arrow. The arrow completely misses Sigmund.
Sigmund hits you from afar with a +0 scythe of freezing.
Sigmund freezes you.
You shoot an arrow. The arrow hits Sigmund.
Sigmund is severely wounded.
Sigmund casts a spell at you.
You are confused.
1036 ||| DRINKING glowing brown potion.
It was a potion of enlightenment.
You feel very buoyant.
You fly up into the air.
Sigmund casts a spell.
Sigmund flickers and vanishes!
Deactivating autopickup; reactivate with Ctrl-A.
1037 ||| FLEEEEING.
You're too confused to move!
Something hits you but does no damage.
Found a mace.
You bump into the rock wall.
Something hits you. Something freezes you.
A puff of flame appears from out of thin air!
The puff of flame hits you.
You feel less confused.
You shoot an arrow.
1048 ||| FLEEEEING.
Something hits you. Something freezes you.
A magic dart appears from out of thin air!
The magic dart hits you.
You die...

##### ####################
#...#########.....{.............
##..............@...........#####
................###########.#
###..####.#####.###### .#
###..####.## #.... ..## )
...........# #..####..% ..
.##..#.##..###..# #..# .#
.##.!#..........# #..# .#
#............#..# #|.#
#.#..#.##..#..#.## #..#


There were no monsters in sight!

Vanquished Creatures
  Terence (D:2)
  2 bats (D:1)
  4 giant cockroaches
  4 goblins
  A hobgoblin (D:2)
  3 quokkas
  2 ball pythons (D:1)
  2 frilled lizards (D:1)
  3 kobolds (D:1)
  3 rats
25 creatures vanquished.

Notes
Turn   | Place    | Note
-------+----------+-------------------------------------------
     0 | D:1      | qw the Gargoyle Hunter began the quest for the Orb.
     0 | D:1      | Reached XP level 1. HP: 12/12 MP: 1/1
     0 | D:1      | 0 ||| qw: Version: 0.3-a-132-g3d54051
     0 | D:1      | 0 ||| qw: Game counter: 197
     0 | D:1      | 0 ||| qw: Melee chars always use a shield: true
     0 | D:1      | 0 ||| qw: God list: Okawaru
     0 | D:1      | 0 ||| qw: Allow faded altars: false
     0 | D:1      | 0 ||| qw: Do Orc after clearing Dungeon:15 true
     0 | D:1      | 0 ||| qw: Do second Lair branch before Depths: true
     0 | D:1      | 0 ||| qw: Lair rune preference: random
     0 | D:1      | 0 ||| qw: Goals: Normal
     0 | D:1      | 0 ||| PLANNING D:1-11
   175 | D:1      | Reached XP level 2. HP: 14/17 MP: 2/2
   749 | D:1      | 749 ||| DROPPING ring of magical power.
   750 | D:1      | 750 ||| READING scroll labelled OZYQ MIFAX.
   750 | D:1      | 750 ||| IDENTIFYING pink potion
   751 | D:1      | 751 ||| READING scroll labelled WUFYIR OVOLUNUO.
   754 | D:1      | 754 ||| READING scroll labelled QERRAACL OD OCHEM.
   855 | D:1      | 855 ||| READING scroll labelled KOLACS WOTH.
   856 | D:1      | 856 ||| DROPPING scroll of butterflies.
   857 | D:1      | 857 ||| DROPPING potion of lignification.
   938 | D:2      | Reached XP level 3. HP: 21/21 MP: 3/3
   955 | D:2      | Noticed Terence
   969 | D:2      | Killed Terence
   970 | D:2      | Reached skill level 5 in Ranged Weapons
   970 | D:2      | 970 ||| FLEEEEING.
  1025 | D:2      | Noticed Sigmund
  1036 | D:2      | 1036 ||| DRINKING glowing brown potion.
  1037 | D:2      | 1037 ||| FLEEEEING.
  1039 | D:2      | HP: 5/21 [something (1)]
  1048 | D:2      | 1048 ||| FLEEEEING.
  1048 | D:2      | HP: 2/21 [something (3)]
  1049 | D:2      | Killed from afar by Sigmund

Levels and vault maps discovered:
D:1:      psy_arrival_spokes, layout_basic
D:2:      layout_loops_ring, serial_shops, shop_statue, uniq_terence,
          uniq_sigmund

Skill      XL: |  1  2  3 |
---------------+----------+-----
Ranged Weapons | 5 |  5.3
Fighting       | |  2.1
Dodging        | |  1.5
Stealth        | |  1.1

Action                     || total
---------------------------++-------
   Fire: Shortbow          ||    89
    Use: Scroll            ||     4
         Potion            ||     1
 Armour: Leather armour    ||    25
  Dodge: Dodged            ||    23

Table legend:
 A = Non-vault XP
 B = Vault XP
 C = Vault XP percentage of total XP
 D = Non-vault monster count
 E = Vault monster count
 F = Vault count percentage of total count
                 A         B        C        D         E       F
            +---------+---------+-------+---------+---------+-------
      Total |      36 |      36 |  50.0 |      24 |       1 |   4.0
            +---------+---------+-------+---------+---------+-------
        D:1 |      28 |       0 |   0.0 |      19 |       0 |   0.0
        D:2 |       8 |      36 |  81.8 |       5 |       1 |  16.7
            +---------+---------+-------+---------+---------+-------
